 Dungeon Crawl Stone Soup version 0.29.1-1-gd02db6906a (webtiles) character file.

Game seed: 14618070355469107676

133 RatsInWalls the Cudgeller (level 5, 37/42 HPs)
             Began as a Human Monk on Oct 20, 2022.
             Quit the game on level 3 of the Dungeon.
             The game lasted 00:08:11 (2268 turns).

RatsInWalls the Cudgeller (Human Monk)              Turns: 2268, Time: 00:08:12

Health: 37/42      AC:  3    Str: 12    XL:     5   Next: 40%
Magic:  6/6        EV: 13    Int: 12    God:
Gold:   61         SH:  5    Dex: 15    Spells: 6/6 levels left

rFire   . . .      SeeInvis .   g - +3 sling
rCold   . . .      Faith    .   (no shield)
rNeg    . . .      Spirit   .   b - +0 robe
rPois   .          Reflect  +   o - +0 helmet
rElec   .          Harm     .   (no cloak)
rCorr   .          Rampage  .   (no gloves)
Will    .....                   (no boots)
Stlth   ++........              q - amulet of reflection
HPRegen 0.14/turn               (no ring)
MPRegen 0.10/turn               (no ring)

@: no status effects
A: no striking features
a: no special abilities


You were on level 3 of the Dungeon.
You visited 1 branch of the dungeon, and saw 4 of its levels.

You collected 61 gold pieces.

Inventory:

Hand Weapons
 a - a +0 mace
 g - a +3 sling (weapon)
Missiles
 h - 11 poisoned darts
 i - 38 stones
 l - 5 javelins
Armour
 b - a +0 robe (worn)
 o - a +0 helmet (worn)
 s - a +0 scale mail
Jewellery
 j - an amulet of faith
 q - an amulet of reflection (around neck)
Wands
 r - a wand of flame (23)
Scrolls
 e - a scroll of brand weapon {unknown}
 f - 2 scrolls of enchant weapon {unknown}
 m - 4 scrolls of teleportation {unknown}
 p - 3 scrolls of identify {unknown}
Potions
 c - a potion of ambrosia
 d - 3 potions of haste {unknown}
 k - a potion of brilliance {unknown}
 n - a potion of flight {unknown}


   Skills:
 + Level 3.6 Fighting
 - Level 3.7 Maces & Flails
 - Level 0.1 Throwing
 + Level 0.0 Armour
 + Level 3.7 Dodging
 - Level 3.1 Stealth
 + Level 1.3 Spellcasting


You had 6 spell levels left.
You didn't know any spells.
Your spell library contained the following spells:

 Spells                   Type           Power      Damage    Failure   Level
 Magic Dart               Conj           0%         1d3       30%         1
 Call Imp                 Summ           0%         N/A       41%         2
 Sublimation of Blood     Necr           0%         N/A       41%         2
 Call Canine Familiar     Summ           0%         N/A       65%         3
 Dazzling Flash           Conj/Hex       0%         N/A       65%         3
 Mephitic Cloud           Conj/Pois/Air  0%         N/A       65%         3
 Portal Projectile        Hex/Tloc       0%         N/A       65%         3
 Iskenderun's Mystic Bla  Conj/Tloc      0%         2d3       96%         4
 Leda's Liquefaction      Hex/Erth       0%         N/A       96%         4
 Petrify                  Tmut/Erth      0%         N/A       96%         4
 Irradiate                Conj/Tmut      0%         3d11      100%        5
 Starburst                Conj/Fire      0%         6d3       100%        6


Dungeon Overview and Level Annotations

Branches:
Dungeon (4/15)
 Temple: D:4-7

Altars:

Shops:
D:2 *

Annotations:
D:3 Grinder, Pargi


Message History

You shoot a sling bullet. The sling bullet hits the orc.
The orc is almost dead.
Fire: g) +3 sling
Press: ? - help, Q - select action, (/) - cycle Shift-Dir - straight line, f/p - orc
Aim: an orc, wielding a +1 short sword of draining and wearing a +0 ring mail (almost dead, 64% to hit)
You shoot a sling bullet. The sling bullet hits the orc.
You kill the orc!
An orc comes into view. It is wielding a +0 club.
The orc wizard hits you with a +0 dagger.
Fire: g) +3 sling
Press: ? - help, Q - select action, (/) - cycle Shift-Dir - straight line, f - orc wizard
Aim: an orc wizard, wielding a +0 dagger and wearing a +0 robe (53% to hit)
You shoot a sling bullet.
The sling bullet closely misses the orc wizard.
Unknown command.
The orc wizard mumbles some strange words.
The orc wizard flickers and vanishes!
Deactivating autopickup; reactivate with Ctrl-A.
You climb upwards.
Level annotation: Grinder, Pargi The orc shouts!
Reactivating autopickup.
The orc shouts! x3
You block the orc's attack. The orc hits you but does no damage.
Found 16 gold pieces.
There is a stone staircase leading down here.
Unknown command.
Deactivating autopickup; reactivate with Ctrl-A.
You barely miss something. Something hits you but does no damage.
The orc closely misses you. The orc barely misses you.
Something hits you but does no damage.
As you read the scroll labelled PUKULOS LEULO, it crumbles to dust.
The creatures around you are filled with an inner flame!
It was a scroll of immolation.
The orc barely misses you. The orc hits you with a +0 short sword.
The orc misses you. Something hits you. The orc closely misses you.
Okay, then.
Save game and exit?
Okay, then.
Are you sure you want to abandon this character and quit the game? (Confirm with "yes".)

.# #.###.#..........#
.#######.....####.#####.
....>....##.....<.#
#.##.######.....†.#
..##.# ######### .###.#
####### . #.. #.....# #
### #...o.# #..oo@#
#...o.# #..o..# ###.###
.$ ... .... ..... .####.


You could see 5 orcs.

Vanquished Creatures
  A scorpion (D:4)
  2 adders (D:2)
  3 dart slugs
  An orc (D:4)
  5 endoplasms (D:1)
  A giant cockroach (D:1)
  3 goblins (D:1)
  5 hobgoblins
  6 kobolds (D:1)
  5 quokkas (D:2)
  5 ball pythons
  3 bats
  3 frilled lizards
  3 rats
46 creatures vanquished.

Notes
Turn   | Place    | Note
-------+----------+-------------------------------------------
     0 | D:1      | RatsInWalls the Human Monk began the quest for the Orb.
     0 | D:1      | Reached XP level 1. HP: 18/18 MP: 1/1
   334 | D:1      | Reached XP level 2. HP: 24/24 MP: 2/2
   928 | D:1      | Reached XP level 3. HP: 22/29 MP: 3/3
  1538 | D:2      | Found a faded altar of an unknown god.
  1665 | D:2      | Reached XP level 4. HP: 35/35 MP: 4/4
  1743 | D:2      | Found Xoxoq's General Store.
  2195 | D:3      | Noticed Grinder
  2196 | D:3      | Noticed Pargi
  2221 | D:4      | Noticed a scorpion
  2230 | D:4      | Killed a scorpion
  2231 | D:4      | Reached skill level 1 in Spellcasting
  2231 | D:4      | Reached XP level 5. HP: 42/42 MP: 6/6
  2268 | D:3      | Quit the game

Illustrated notes

Levels and vault maps discovered:
D:1:      minmay_arrival_nine_rooms, layout_basic, minmay_misc_feat_diagonals,
          grunt_decor_resistance, minmay_unequal
D:2:      layout_basic, serial_shops, shop,
          hellmonk_ecumenical_altar_pennies_from_heaven
D:3:      layout_loops_cross, minmay_misc_feat_secret_circle,
          ebering_dispersal_statue_hall, uniq_pargi, uniq_terence, uniq_grinder
D:4:      layout_rooms, uniq_pikel

Skill      XL: |  1  2  3  4 |
---------------+-------------+-----
Stealth        | 3 |  3.1
Spellcasting   | 1 |  1.3
Fighting       | |  3.6
Maces & Flails | |  3.7
Throwing       | |  0.1
Dodging        | |  3.7

Action                   |  1- 3 |  4- 6 || total
-------------------------+-------+-------++-------
Melee: Mace              |    75 |    43 ||   118
       Punch             |     2 |       ||     2
       Sling             |       |     1 ||     1
 Fire: Sling             |     3 |    11 ||    14
  Use: Scroll            |       |     1 ||     1
 Stab: Sleeping          |     4 |     2 ||     6
       Distracted        |     1 |       ||     1
Armor: Robe              |     9 |    20 ||    29
Dodge: Dodged            |    39 |    37 ||    76
Block: Other             |       |     6 ||     6
